[Event "Titled Tuesday Blitz April 26 Late 2022"]
[White "Tanenbaum, Zachary"]
[Black "Meduri, Aakaash"]
[WhiteFideId "2060850"]
[BlackFideId "2032252"]
[WhiteElo "2168"]
[BlackElo "2096"]
[Result "1-0"]
[Round "08"]
[TimeControl "180+1"]
[Date "2022.04.26"]
[WhiteClock "0:00:50"]
[BlackClock "0:00:05"]

1. e4 c5 2. Nf3 d6 3. d4 cxd4 4. Nxd4 Nf6 5. Nc3 g6 6. Be3 a6 7. f3 b5 8. g4 Bb7 9. Qd2 h5 10. g5 Nfd7 11. O-O-O Bg7 12. f4 b4 13. Nd5 e6 14. Nxb4 Bxe4 15. Bg2 Nc5 16. Nbc6 Nxc6 17. Nxc6 Qc7 18. Bxc5 Bxc6 19. Bxd6 Bxb2+ 20. Kb1 Qb7 21. Bxc6+ Qxc6 22. Kxb2 Rd8 23. Qd4 Rh7 24. Rhe1 a5 25. Qe5 Rd7 26. Qc5 Qb7+ 27. Ka1 Qa6 28. Be5 f5 29. Rd6 Rhe7 30. Red1 Rxd6 31. Bxd6 Rd7 32. Qe5 Kf7 33. Qf6+ Ke8 34. Qf8# 1-0


[Site "https://www.chess.com"]

[Event "Titled Tuesday Blitz April 26 Late 2022"]
[White "Toncheva, Nadya"]
[Black "Janaszak, Dawid"]
[WhiteFideId "2924056"]
[BlackFideId "1119206"]
[WhiteElo "1884"]
[BlackElo "2199"]
[Result "0-1"]
[Round "08"]
[TimeControl "180+1"]
[Date "2022.04.26"]
[WhiteClock "0:00:07"]
[BlackClock "0:00:39"]

1. e4 c5 2. Nf3 Nc6 3. d4 cxd4 4. Nxd4 g6 5. c4 Bg7 6. Be3 Qb6 7. Nb3 Qd8 8. Nc3 Bxc3+ 9. bxc3 Nf6 10. f3 d6 11. Be2 Be6 12. Nd4 Qa5 13. Qb3 O-O 14. O-O Bd7 15. Rfc1 Rfc8 16. Qxb7 Nxd4 17. Bxd4 Rcb8 18. Rab1 Rxb7 19. Rxb7 Qxa2 20. Bf1 e5 21. Be3 Bc6 22. Rc7 Be8 23. Rd1 Qa5 24. Re7 Qxc3 25. Bg5 Nd7 26. Rxd6 Nc5 27. h4 Ne6 28. Bd2 Qa3 0-1


[Site "https://www.chess.com"]

[Event "Titled Tuesday Blitz April 26 Late 2022"]
[White "Torres Cueto, Jesus Marcial"]
[Black "Kim, Sergey"]
[WhiteFideId "4415280"]
[BlackFideId "13700570"]
[WhiteElo "2055"]
[BlackElo "2498"]
[Result "1-0"]
[Round "08"]
[TimeControl "180+1"]
[Date "2022.04.26"]
[WhiteClock "0:01:35"]
[BlackClock "0:01:37"]

1. d4 Nf6 2. c4 g6 3. Nc3 Bg7 4. e4 d6 5. h3 O-O 6. Nf3 e5 7. d5 a5 8. Be3 Na6 9. Be2 Nc5 10. Nd2 Bd7 11. g4 a4 12. h4 c6 13. h5 cxd5 14. cxd5 Rc8 15. g5 Ne8 16. Kf1 Nc7 17. Kg2 b5 18. a3 Qe7 19. Qg1 N7a6 20. Qh2 Bh8 21. Nxb5 Bxb5 22. Bxb5 f5 23. hxg6 f4 24. gxh7+ Kf7 25. Qh5+ Kg7 26. Qh6+ Kf7 27. g6+ 1-0


[Site "https://www.chess.com"]

[Event "Titled Tuesday Blitz April 26 Late 2022"]
[White "Tregubov, Pavel V."]
[Black "Sliwicka, Alicja"]
[WhiteFideId "4115341"]
[BlackFideId "1150677"]
[WhiteElo "2341"]
[BlackElo "2120"]
[Result "1/2-1/2"]
[Round "08"]
[TimeControl "180+1"]
[Date "2022.04.26"]
[WhiteClock "0:00:57"]
[BlackClock "0:01:18"]

1. e4 c5 2. Nf3 d6 3. Bb5+ Bd7 4. Bxd7+ Qxd7 5. O-O Nf6 6. Qe2 e6 7. c3 Nc6 8. d4 cxd4 9. cxd4 d5 10. e5 Ne4 11. Rd1 Be7 12. Ne1 f6 13. f3 Ng5 14. Bxg5 fxg5 15. Nc2 h5 16. Ne3 g4 17. fxg4 Bg5 18. gxh5 O-O-O 19. Nf1 Qf7 20. Nc3 Rxh5 21. Nb5 Kb8 22. Nd6 Qg6 23. Qb5 Rd7 24. Nxb7 Rxb7 25. Qxc6 Rxb2 26. Qd6+ Kb7 27. Qd7+ Kb8 28. Qd6+ Kb7 29. Qd7+ Kb8 30. Qd6+ 1/2-1/2


[Site "https://www.chess.com"]

[Event "Titled Tuesday Blitz April 26 Late 2022"]
[White "Tristan, Leonardo"]
[Black "Martic, Ivan"]
[WhiteFideId "113816"]
[BlackFideId "929301"]
[WhiteElo "2404"]
[BlackElo "2317"]
[Result "1-0"]
[Round "08"]
[TimeControl "180+1"]
[Date "2022.04.26"]
[WhiteClock "0:00:03"]
[BlackClock "0:00:04"]

1. d4 Nf6 2. Nf3 d5 3. Bf4 c5 4. e3 Nc6 5. Nbd2 cxd4 6. exd4 Bg4 7. c3 e6 8. Qb3 Qc8 9. Bd3 Be7 10. O-O O-O 11. Rae1 Bh5 12. Ne5 Nxe5 13. Bxe5 a6 14. Re3 b5 15. Rh3 Bg6 16. Bxg6 hxg6 17. a3 Nd7 18. Bf4 g5 19. Be3 f6 20. Qd1 Qe8 21. f4 Qg6 22. Rg3 Bd6 23. h4 Qd3 24. Qg4 Rae8 25. hxg5 fxg5 26. Qxg5 Rf7 27. Rh3 Nf6 28. Qh4 Kf8 29. f5 Qc2 30. fxe6 Rxe6 31. Bg5 Qxb2 32. Nf3 Re2 33. Qh8+ Ng8 34. Rh2 Bxh2+ 35. Qxh2 Qxa3 36. Bf4 Re6 37. Ng5 Qe7 38. Qh5 Re1 39. Rxe1 Qxe1+ 40. Kh2 Qe7 41. Bd6 Qxd6+ 42. g3 Rf2+ 43. Kh3 Qd7+ 44. g4 Qe7 45. Nh7# 1-0


[Site "https://www.chess.com"]

[Event "Titled Tuesday Blitz April 26 Late 2022"]
[White "Vega Gutierrez, Sabrina"]
[Black "Smail, Benedict"]
[WhiteFideId "2219026"]
[BlackFideId "2050480"]
[WhiteElo "2286"]
[BlackElo "2070"]
[Result "0-1"]
[Round "08"]
[TimeControl "180+1"]
[Date "2022.04.26"]
[WhiteClock "0:00:16"]
[BlackClock "0:00:18"]

1. e4 c5 2. Nf3 d6 3. d4 cxd4 4. Nxd4 Nf6 5. Nc3 g6 6. Be3 Bg7 7. f3 O-O 8. Qd2 Nc6 9. O-O-O d5 10. Nxc6 bxc6 11. Bh6 Qb6 12. Bxg7 Kxg7 13. h4 dxe4 14. fxe4 Bg4 15. Re1 Rfd8 16. Qf4 Rab8 17. b3 Qd4 18. Kb2 e5 19. Qg5 h6 20. Qe3 Qxe3 21. Rxe3 Rd2 22. g3 Rbd8 23. Bc4 Rg2 24. Rhe1 Rdd2 25. Bd3 Be6 26. Nb1 Rdf2 27. Be2 Bg4 28. Bxg4 Rxc2+ 29. Ka3 Rxa2+ 30. Kb4 Nxg4 31. Rc3 Rgc2 32. Rc1 Rxc1 33. Rxc1 Ra6 34. Na3 Nf2 35. Nc4 Nd3+ 0-1


[Site "https://www.chess.com"]

[Event "Titled Tuesday Blitz April 26 Late 2022"]
[White "Veiga, Emerson de Sousa"]
[Black "Kashefi, Amir Hosein"]
[WhiteFideId "2151898"]
[BlackFideId "12557935"]
[WhiteElo "2034"]
[BlackElo "2008"]
[Result "0-1"]
[Round "08"]
[TimeControl "180+1"]
[Date "2022.04.26"]
[WhiteClock "0:00:03"]
[BlackClock "0:00:04"]

1. e4 c5 2. Nf3 Nc6 3. d4 cxd4 4. Nxd4 g6 5. c4 Bg7 6. Be3 Nf6 7. Nc3 Nxd4 8. Bxd4 O-O 9. Be2 d6 10. O-O Be6 11. Rc1 Rc8 12. b3 Qa5 13. Rc2 a6 14. Qd3 Nd7 15. Bxg7 Kxg7 16. f4 Qc5+ 17. Kh1 f5 18. Bf3 Rf6 19. Nd5 Bxd5 20. exd5 b5 21. Re1 Kf8 22. h4 Qb4 23. Rce2 Rf7 24. cxb5 axb5 25. a3 Qxf4 26. Qxb5 Qxh4+ 27. Kg1 Ne5 28. Rxe5 dxe5 29. Rd1 e4 30. Be2 Rc2 31. d6 exd6 32. Rxd6 Qe1+ 33. Bf1 Qf2+ 34. Kh1 Kg7 35. Qe5+ Kh6 36. Qh2+ Kg5 37. Rd1 Qh4 38. Qxh4+ Kxh4 39. Bc4 Rxc4 40. bxc4 Ra7 41. Ra1 Ra4 42. c5 Rc4 43. a4 Rxc5 44. a5 Rc7 45. a6 Ra7 46. Ra3 Kg4 47. Kg1 h5 48. Kf2 g5 49. Ra5 f4 50. Ra4 e3+ 51. Kf1 Kg3 52. Ra3 g4 53. Ra5 h4 54. Ra3 h3 55. gxh3 Kxh3 56. Ra4 Kg3 57. Ra3 Kf3 58. Ra4 g3 59. Ra3 g2+ 60. Kg1 Rh7 61. Rxe3+ fxe3 62. a7 Rh1# 0-1


[Site "https://www.chess.com"]

[Event "Titled Tuesday Blitz April 26 Late 2022"]
[White "Vujic, Mihailo"]
[Black "Rosenberg, Evan S"]
[WhiteFideId "918873"]
[BlackFideId "2019299"]
[WhiteElo "2256"]
[BlackElo "2354"]
[Result "1/2-1/2"]
[Round "08"]
[TimeControl "180+1"]
[Date "2022.04.26"]
[WhiteClock "0:00:43"]
[BlackClock "0:00:30"]

1. e4 e5 2. Nf3 Nc6 3. d4 exd4 4. Bc4 Nf6 5. O-O Nxe4 6. Re1 d5 7. Bxd5 Qxd5 8. Nc3 Qd7 9. Nxe4 Be7 10. Bg5 O-O 11. Bxe7 Nxe7 12. Qxd4 Qxd4 13. Nxd4 Nd5 14. c4 Nb6 15. b3 a6 16. Rad1 Bg4 17. f3 Bh5 18. Nc5 Rab8 19. Nf5 Bg6 20. Ne7+ Kh8 21. Nxg6+ hxg6 22. Nd7 Nxd7 23. Rxd7 c5 24. Ree7 b5 25. cxb5 axb5 26. Rxf7 Rxf7 27. Rxf7 c4 28. bxc4 bxc4 29. Rc7 Rb1+ 30. Kf2 Rb2+ 31. Kg3 Rc2 32. a4 Kh7 33. h4 Kh6 34. Rc8 Kh7 35. a5 Ra2 36. Rxc4 Rxa5 37. Kg4 Kh6 38. g3 Rd5 39. f4 Rb5 40. Rc8 Kh7 41. Re8 Ra5 42. Re5 Ra3 43. Rc5 Rb3 44. Rc1 Ra3 45. Rg1 Rb3 46. h5 gxh5+ 47. Kxh5 g6+ 48. Kh4 Rb5 49. Rc1 Ra5 50. Rc7+ Kh6 51. g4 g5+ 52. fxg5+ Rxg5 53. Rc6+ Rg6 54. g5+ Kh7 55. Rc7+ Rg7 56. Rc8 Ra7 57. Kh5 Kg7 58. Rc6 Rb7 59. Rg6+ Kh7 60. Rh6+ Kg7 61. Rd6 Ra7 62. Rd5 Rb7 63. Rc5 Ra7 64. Kg4 Rf7 65. Rc6 Rf1 66. Rc7+ Kg6 67. Rc6+ Kg7 68. Rc4 Kg6 69. Rc6+ Kg7 1/2-1/2


[Site "https://www.chess.com"]

[Event "Titled Tuesday Blitz April 26 Late 2022"]
[White "Xu, Yi"]
[Black "Fedoseev, Vladimir"]
[WhiteFideId "8605564"]
[BlackFideId "24130737"]
[WhiteElo "2471"]
[BlackElo "2726"]
[Result "0-1"]
[Round "08"]
[TimeControl "180+1"]
[Date "2022.04.26"]
[WhiteClock "0:00:04"]
[BlackClock "0:00:03"]

1. e4 c6 2. d4 d5 3. e5 c5 4. Nf3 cxd4 5. Qxd4 Nc6 6. Qf4 g6 7. Nc3 d4 8. Bc4 Bf5 9. Ne2 Bh6 10. Qg3 Bxc2 11. Bxh6 Nxh6 12. Qf4 Nf5 13. g4 d3 14. Nc3 d2+ 15. Qxd2 Nfd4 16. Nxd4 Nxd4 17. Qf4 e6 18. O-O Rc8 19. Bb5+ Kf8 20. Rad1 Bxd1 21. Rxd1 g5 22. Qxd4 Qxd4 23. Rxd4 a6 24. Ba4 Rc5 25. Re4 Ke7 26. Kf1 Rd8 27. Ke2 b5 28. Bb3 h6 29. h3 a5 30. a3 Rb8 31. Re3 b4 32. Na4 Rc1 33. axb4 Rxb4 34. f3 Rb5 35. Rd3 Rxe5+ 36. Kd2 Rh1 37. Nc3 Rh2+ 38. Kc1 Re1+ 39. Bd1 Rxh3 40. Ne4 Rhh1 41. Nf2 Rhf1 42. Rd2 f5 43. Kc2 Kf6 44. gxf5 exf5 45. Nd3 Re3 46. Be2 Rg1 47. f4 g4 48. Ne5 g3 49. Rd6+ Ke7 50. Rd7+ Ke8 51. Bb5 Rg2+ 52. Kd1 Rb3 53. Rb7+ Kf8 54. Rf7+ Kg8 55. Bc4 Rb4 56. Rc7+ Kf8 57. Rf7+ Ke8 58. Rg7 Rgxb2 59. Bf7+ Kd8 60. Be6 Rd4+ 61. Ke1 Re4+ 62. Kf1 Rf2+ 63. Kg1 Re1# 0-1


[Site "https://www.chess.com"]

[Event "Titled Tuesday Blitz April 26 Late 2022"]
[White "Yuan, Qingyu"]
[Black "Szpar, Milosz"]
[WhiteFideId "8609772"]
[BlackFideId "1184989"]
[WhiteElo "2359"]
[BlackElo "2447"]
[Result "1/2-1/2"]
[Round "08"]
[TimeControl "180+1"]
[Date "2022.04.26"]
[WhiteClock "0:00:11"]
[BlackClock "0:00:12"]

1. e4 c5 2. Nf3 d6 3. Bb5+ Bd7 4. c4 Nf6 5. Nc3 g6 6. Bxd7+ Nbxd7 7. d4 cxd4 8. Qxd4 Bg7 9. O-O O-O 10. Bg5 Qa5 11. Rac1 Rac8 12. b3 Rfe8 13. Qd2 a6 14. Rc2 b5 15. cxb5 axb5 16. Bxf6 Nxf6 17. Rfc1 Rc5 18. Nd5 Qxd2 19. Nxf6+ exf6 20. Nxd2 Bh6 21. Rxc5 dxc5 22. Rc2 Bxd2 23. Rxd2 Rxe4 24. g3 c4 25. bxc4 Rxc4 26. Rb2 b4 27. Rb3 f5 28. a3 bxa3 29. Rxa3 Kg7 30. Kg2 h5 31. Rf3 h4 32. Rd3 Kf6 33. Rb3 Kg5 34. Kf3 Rc1 35. Kg2 Rc7 36. Rb4 hxg3 37. hxg3 Re7 38. Ra4 Re4 39. Ra7 f6 40. Rh7 f4 41. g4 Rc4 42. f3 Rc2+ 43. Kg1 f5 44. gxf5 Kxf5 45. Rf7+ Ke5 46. Kf1 g5 47. Re7+ Kd4 48. Re8 Kd3 49. Ke1 Rg2 50. Kf1 Ra2 51. Ke1 Kd4 52. Kf1 Ra5 53. Re7 Re5 54. Ra7 Ke3 55. Kg2 Rd5 56. Ra3+ Kd4 57. Kf2 Ke5 58. Ra4 Kf5 59. Ra8 Rd2+ 60. Ke1 Rb2 61. Kf1 Kg6 62. Rh8 Rb3 63. Kf2 Rb2+ 64. Kf1 Rc2 65. Ke1 Rc7 66. Kf1 Rh7 67. Rf8 Kh5 68. Kg2 Kh4 69. Rg8 Kh5 70. Rf8 Kh6 71. Rd8 Rg7 72. Rd6+ Rg6 73. Rd5 Re6 74. Kh3 Kh5 75. Rd8 Re3 76. Rh8+ Kg6 77. Kg4 Re1 78. Rg8+ Kf6 79. Rf8+ Ke5 80. Rf5+ Kd4 81. Rxg5 Re8 82. Kxf4 Rh8 83. Kg4 Ke3 84. Re5+ Kd4 85. f4 Rg8+ 86. Rg5 Rf8 87. Re5 Rg8+ 88. Kf3 Rf8 89. Re1 Kd5 90. Kg4 Rg8+ 91. Kh5 Rh8+ 92. Kg5 Rg8+ 93. Kh6 Rf8 94. Re5+ Kd6 95. Kg5 Rg8+ 96. Kf5 Rf8+ 97. Ke4 Rf7 98. f5 Re7 99. Rxe7 Kxe7 100. Kf4 Kf6 101. Kg4 Kf7 102. Kg5 Kg7 103. f6+ Kf7 104. Kf5 Kf8 105. Ke6 Ke8 106. Ke5 Kf7 107. Kf5 Kf8 108. Kg6 Kg8 109. Kf5 Kf7 110. Ke5 Kf8 111. Kf5 Kf7 112. Kg5 Kf8 113. Kg6 Kg8 114. Kh6 Kf7 115. Kg5 Kf8 116. Kg6 1/2-1/2


[Site "https://www.chess.com"]

[Event "Titled Tuesday Blitz April 26 Late 2022"]
[White "Yurasova, Daria"]
[Black "Qiao, Cindy"]
[WhiteFideId "34146919"]
[BlackFideId "2620243"]
[WhiteElo "2064"]
[BlackElo "2235"]
[Result "1/2-1/2"]
[Round "08"]
[TimeControl "180+1"]
[Date "2022.04.26"]
[WhiteClock "0:01:52"]
[BlackClock "0:00:54"]

1. d4 d5 2. Nf3 Nf6 3. c4 e6 4. g3 Be7 5. Bg2 O-O 6. O-O dxc4 7. Ne5 Nc6 8. Nxc6 bxc6 9. Na3 Rb8 10. Nxc4 c5 11. Ne5 Bb7 12. Bxb7 Rxb7 13. Nc6 Qe8 14. Nxe7+ Qxe7 15. dxc5 Qxc5 16. Be3 Qh5 17. h4 Rxb2 18. Bd4 Rb4 19. Bxf6 gxf6 20. Qc2 c5 21. Rac1 Rc8 22. a3 Rg4 23. Qc3 Qxh4 24. Qe3 Qh5 25. Kg2 Qd5+ 26. Qf3 Qxf3+ 27. Kxf3 Ra4 28. Rc3 Rd8 29. Rb1 Rd5 30. Rb8+ Kg7 31. Rb5 f5 32. e3 Kf6 33. Rb7 h5 34. Rc7 a6 35. Rb3 c4 36. Rbb7 Rxa3 37. Kf4 e5+ 38. Kf3 Kg5 39. Rxf7 e4+ 40. Kg2 Rd2 41. Rg7+ Kf6 42. Rgf7+ Kg6 43. Rg7+ Kf6 44. Rgf7+ Kg6 45. Rg7+ Kf6 1/2-1/2


[Site "https://www.chess.com"]

[Event "Titled Tuesday Blitz April 26 Late 2022"]
[White "Zherebtsova, Alexandra"]
[Black "Burke, Paul"]
[WhiteFideId "24129518"]
[BlackFideId "2605767"]
[WhiteElo "2025"]
[BlackElo "1893"]
[Result "1-0"]
[Round "08"]
[TimeControl "180+1"]
[Date "2022.04.26"]
[WhiteClock "0:00:05"]
[BlackClock "0:00:31"]

1. d4 Nf6 2. c4 c5 3. d5 Ne4 4. f3 Qa5+ 5. Nd2 Nf6 6. e4 d6 7. Bd3 g6 8. Ne2 Bg7 9. O-O Na6 10. Nb3 Qd8 11. Bd2 h6 12. Bc3 O-O 13. h3 Bd7 14. f4 Nc7 15. a4 b6 16. e5 dxe5 17. fxe5 Nfe8 18. Nf4 a6 19. Qe2 b5 20. Nxc5 bxa4 21. e6 fxe6 22. Nfxe6 Bxe6 23. Nxe6 Rxf1+ 24. Rxf1 Qd6 25. Bxg6 Nxe6 26. Bf7+ Kh8 27. Bxe6 Nf6 28. Qd2 Qg3 29. Bxf6 exf6 30. Rxf6 Qg5 31. Qxg5 hxg5 32. Rg6 Bd4+ 33. Kh2 Be3 34. c5 Bxc5 35. Rxg5 Bd6+ 36. Kg1 Rf8 37. Rg4 Rf6 38. Rxa4 Bc5+ 39. Kh1 Rf1+ 40. Kh2 Bd6+ 41. g3 Rf2+ 42. Kg1 Bxg3 43. Rg4 Be5 44. Kxf2 Kh7 45. Kf3 Kh6 46. Ra4 Bd6 47. Rxa6 Bc5 48. Bf5+ Kg5 49. Ke4 1-0


[Site "https://www.chess.com"]

[Event "Titled Tuesday Blitz April 26 Late 2022"]
[White "Zhigalko, Sergei"]
[Black "Siddharth, Jagadeesh"]
[WhiteFideId "13502956"]
[BlackFideId "5818320"]
[WhiteElo "2662"]
[BlackElo "2127"]
[Result "1-0"]
[Round "08"]
[TimeControl "180+1"]
[Date "2022.04.26"]
[WhiteClock "0:00:04"]
[BlackClock "0:00:07"]

1. e4 e5 2. Nf3 Nf6 3. d4 Nxe4 4. Bd3 d5 5. Nxe5 Nd7 6. Nxd7 Bxd7 7. O-O Bd6 8. Nc3 Nxc3 9. bxc3 O-O 10. Qh5 f5 11. Re1 g6 12. Qf3 Bc6 13. Bf4 Qh4 14. Bxd6 cxd6 15. Re6 Rae8 16. Rae1 Rxe6 17. Rxe6 Kf7 18. Re3 Re8 19. g3 Rxe3 20. Qxe3 Qe7 21. Qh6 Kg8 22. Kf1 b5 23. h4 Be8 24. Qc1 Qc7 25. Qe1 Kf7 26. h5 a6 27. Qd2 Kg8 28. h6 Qe7 29. Qf4 Bd7 30. Be2 Qf6 31. Bf3 Qe6 32. Qg5 Be8 33. g4 Bf7 34. Qd8+ Qe8 35. Qxd6 fxg4 36. Bxg4 g5 37. Qf6 Qf8 38. Qxg5+ Kh8 39. Qf6+ Kg8 40. Be6 Bxe6 41. Qxe6+ Kh8 42. Qe5+ Kg8 43. Qxd5+ Kh8 44. Qg5 Qf7 45. Qd8+ Qg8 46. Qf6+ 1-0


[Site "https://www.chess.com"]

[Event "Titled Tuesday Blitz April 26 Late 2022"]
[White "Zlatin, Alexander"]
[Black "Song, Guannan Terry"]
[WhiteFideId "2810549"]
[BlackFideId "2614189"]
[WhiteElo "2228"]
[BlackElo "2115"]
[Result "1-0"]
[Round "08"]
[TimeControl "180+1"]
[Date "2022.04.26"]
[WhiteClock "0:01:03"]
[BlackClock "0:01:21"]

1. d4 Nf6 2. Nc3 c5 3. Nf3 cxd4 4. Nxd4 b6 5. f3 Bb7 6. e4 d6 7. Be3 e6 8. Bb5+ Nfd7 9. O-O Be7 10. Qe1 a6 11. Ba4 O-O 12. Qg3 Nc5 13. Bb3 Nbd7 14. Rad1 Kh8 15. Nde2 b5 16. Bf4 Qc7 17. Bxd6 Bxd6 18. Qxd6 Rac8 19. Qxc7 Rxc7 20. Rd6 b4 21. Na4 Nxa4 22. Bxa4 Nc5 23. Bb3 a5 24. Nd4 a4 25. Bc4 Nxe4 26. fxe4 Rxc4 27. b3 Rc7 28. Nxe6 Rcc8 29. Nxf8 Rxf8 30. bxa4 Bxe4 31. Rb6 Bxc2 32. Rxb4 g6 33. Rc1 Bd3 34. a5 Ra8 35. Ra4 Kg7 36. Ra3 Be2 37. Rc2 Bd1 38. Rb2 Re8 39. a6 Rc8 40. a7 Rc1 41. Kf2 Rc8 1-0


[Site "https://www.chess.com"]

[Event "Titled Tuesday Blitz April 26 Late 2022"]
[White "Aigner, Michael"]
[Black "Derraugh, Geordie"]
[WhiteFideId "2017288"]
[BlackFideId "2603950"]
[WhiteElo "2395"]
[BlackElo "2116"]
[Result "0-1"]
[Round "09"]
[TimeControl "180+1"]
[Date "2022.04.26"]
[WhiteClock "0:00:12"]
[BlackClock "0:00:19"]

1. e4 c5 2. Nc3 d6 3. g3 Nf6 4. Bg2 g6 5. d3 Bg7 6. h3 O-O 7. f4 Nc6 8. Nf3 Rb8 9. O-O b5 10. Ne2 c4 11. Ne1 Qc7 12. d4 e5 13. fxe5 dxe5 14. d5 Nd4 15. Be3 Nxe2+ 16. Qxe2 Nh5 17. Kh2 f5 18. c3 f4 19. Bf2 fxg3+ 20. Bxg3 Rxf1 21. Qxf1 Nxg3 22. Kxg3 Bh6 23. Kh2 Bf4+ 24. Kh1 Bd7 25. Nf3 Rf8 26. Qg1 Qc8 27. Qf1 Bg3 28. Kg1 Rf4 29. Rd1 Rxe4 30. Ng5 Rf4 31. Qe2 Qc5+ 32. Kh1 Rf2 33. Qe4 Bf5 34. Ne6 Bxe4 35. Nxc5 Bxg2+ 36. Kg1 Bxh3 37. d6 Rxb2 38. d7 Bxd7 39. Rxd7 Bf2+ 40. Kf1 Bxc5 41. Rd5 Bb6 42. Rxe5 Kf7 43. a3 Rb3 0-1


[Site "https://www.chess.com"]

[Event "Titled Tuesday Blitz April 26 Late 2022"]
[White "Alinasab, Mobina"]
[Black "Tanenbaum, Zachary"]
[WhiteFideId "12528897"]
[BlackFideId "2060850"]
[WhiteElo "2031"]
[BlackElo "2168"]
[Result "1-0"]
[Round "09"]
[TimeControl "180+1"]
[Date "2022.04.26"]
[WhiteClock "0:01:55"]
[BlackClock "0:00:03"]

1. e4 e5 2. Nf3 Nc6 3. Bb5 a6 4. Ba4 d6 5. O-O Nf6 6. Re1 Be7 7. c3 O-O 8. d4 b5 9. Bc2 Bg4 10. Be3 Re8 11. Nbd2 Bf8 12. a4 Bh5 13. h3 Bg6 14. d5 Ne7 15. Bd3 Nfxd5 16. axb5 Nxe3 17. Rxe3 axb5 18. Bxb5 c6 19. Bd3 Qc7 20. Re1 d5 21. Nh4 Red8 22. Nxg6 Nxg6 23. Rxa8 Rxa8 24. exd5 cxd5 25. Bxg6 hxg6 26. Nf3 Qb7 27. Nxe5 Ra2 28. Nd3 Qa7 29. Qf3 d4 30. c4 Ra6 31. Re8 Rf6 32. Qd5 Qa1+ 33. Kh2 Re6 34. Rxe6 fxe6 35. Qxe6+ Kh7 36. Ne5 Qxb2 37. Qxg6+ Kg8 38. Qf7+ Kh7 39. Qxf8 d3 40. Qf5+ Kg8 41. Nxd3 Qd4 42. Qd5+ 1-0


[Site "https://www.chess.com"]

[Event "Titled Tuesday Blitz April 26 Late 2022"]
[White "Andreikin, Dmitry"]
[Black "Bluebaum, Matthias"]
[WhiteFideId "4158814"]
[BlackFideId "24651516"]
[WhiteElo "2736"]
[BlackElo "2550"]
[Result "1-0"]
[Round "09"]
[TimeControl "180+1"]
[Date "2022.04.26"]
[WhiteClock "0:00:07"]
[BlackClock "0:00:07"]

1. d4 Nf6 2. Nf3 d5 3. c4 e6 4. Nc3 Bb4 5. e3 O-O 6. Bd2 b6 7. cxd5 exd5 8. Rc1 Re8 9. a3 Bf8 10. Be2 Bb7 11. Ne5 c5 12. O-O Nc6 13. Nxc6 Bxc6 14. dxc5 bxc5 15. Bf3 Rc8 16. Ne2 Bb5 17. Re1 Qb6 18. Bc3 Rcd8 19. b4 cxb4 20. axb4 Bxb4 21. Rb1 Bxe2 22. Rxe2 a5 23. Reb2 Ne4 24. Bxb4 axb4 25. Rxb4 Qf6 26. Qd4 Qg6 27. Rd1 Ng5 28. Qg4 h5 29. Qxh5 Qxh5 30. Bxh5 Ne6 31. g3 Rd6 32. Rb7 g6 33. Bg4 Red8 34. Rb4 f5 35. Be2 Kg7 36. Kg2 d4 37. exd4 Rxd4 38. Rdxd4 Rxd4 39. Rb6 Nc5 40. h4 Rd2 41. Kf1 Ra2 42. f3 Ra1+ 43. Kf2 Ra2 44. Ke3 Ra7 45. Bc4 Re7+ 46. Kd4 Nd7 47. Rb7 Kf6 48. Bb5 Nf8 49. Rxe7 Kxe7 50. Ke5 Ne6 51. Bd3 Ng7 52. g4 fxg4 53. fxg4 Kf7 54. Bc4+ Ke7 55. Bd5 Ne8 56. Be6 Nf6 57. g5 Ne8 58. Bd5 Nc7 59. Bc4 Ne8 60. Bb5 Ng7 61. Bd3 Kf7 62. Kd6 Nh5 63. Bc4+ Kg7 64. Ke5 Ng3 65. Bd3 Kf7 66. Kf4 Nh5+ 67. Ke4 Ng3+ 68. Ke5 Nh5 69. Bc4+ Kg7 70. Be2 Ng3 71. Bg4 Nf1 72. Kf4 Nd2 73. Be6 Nb1 74. Bc4 Nc3 75. Ke3 Na4 76. Kd4 Kf8 77. Bb5 Nb6 78. Kc5 Nc8 79. Bd3 Ne7 80. Kd6 Kf7 81. Kd7 Kf8 82. Ke6 Nc6 83. Bxg6 Nd4+ 84. Kf6 Nf3 85. Bh7 Nxh4 86. Be4 Kg8 87. Bd5+ Kh8 88. Be6 Kh7 89. Bg4 Kh8 90. Kf7 Kh7 91. Bh5 Kh8 92. Be2 Kh7 93. Bd3+ Kh8 94. Be4 Ng6 95. Kxg6 Kg8 96. Kf6 Kh8 97. g6 Kg8 98. Bd5+ Kh8 99. g7+ Kh7 100. g8=Q+ Kh6 101. Qh8# 1-0


[Site "https://www.chess.com"]

[Event "Titled Tuesday Blitz April 26 Late 2022"]
[White "Aroesti, Roee"]
[Black "Prohorov, Olexandr"]
[WhiteFideId "2817144"]
[BlackFideId "14105578"]
[WhiteElo "2068"]
[BlackElo "1993"]
[Result "1/2-1/2"]
[Round "09"]
[TimeControl "180+1"]
[Date "2022.04.26"]
[WhiteClock "0:01:42"]
[BlackClock "0:01:43"]

1. e4 c5 2. Nf3 e6 3. c3 Nf6 4. e5 Nd5 5. g3 Nc6 6. Bg2 d6 7. exd6 Bxd6 8. O-O O-O 9. d4 cxd4 10. Nxd4 Nxd4 11. Qxd4 Qc7 12. Nd2 Be5 13. Qc4 Bd7 14. Qxc7 Bxc7 15. c4 Nb4 16. Bxb7 Rab8 17. Be4 Rfd8 18. a3 Nc6 19. Rb1 f5 20. Bg2 a5 21. Re1 a4 22. Nf3 e5 23. Ng5 e4 24. Nh3 Be6 25. Bf4 Bxf4 26. Nxf4 Bxc4 27. Rec1 Na5 1/2-1/2


[Site "https://www.chess.com"]

[Event "Titled Tuesday Blitz April 26 Late 2022"]
[White "Barria Zuniga, Daniel"]
[Black "Toncheva, Nadya"]
[WhiteFideId "3400816"]
[BlackFideId "2924056"]
[WhiteElo "2414"]
[BlackElo "1884"]
[Result "1-0"]
[Round "09"]
[TimeControl "180+1"]
[Date "2022.04.26"]
[WhiteClock "0:00:19"]
[BlackClock "0:00:04"]

1. c4 Nf6 2. Nc3 g6 3. d4 Bg7 4. e4 d6 5. Be2 c6 6. Nf3 Qc7 7. O-O O-O 8. Qc2 Bg4 9. Rd1 e5 10. Be3 Bxf3 11. Bxf3 Nbd7 12. Rac1 h5 13. h3 Rfe8 14. a3 exd4 15. Bxd4 Nc5 16. e5 Rxe5 17. Bxe5 dxe5 18. b4 Ne6 19. Ne4 Nd4 20. Nxf6+ Bxf6 21. Qe4 Bg5 22. Rc3 a5 23. g3 axb4 24. axb4 Ra4 25. Rb1 Bd2 26. Rd3 Bxb4 27. Bg2 f5 28. Qe3 Bc5 29. Qg5 Kh7 30. g4 Be7 31. Qe3 hxg4 32. hxg4 Ra2 33. Qh3+ Kg7 34. gxf5 gxf5 35. Rg3+ Kf7 36. Re1 Bf6 37. Qh5+ Ke6 38. Rg8 Qf7 39. Re8+ Be7 40. Qh6+ Kd7 41. Rh8 Kc7 42. Rh7 Qe6 43. Qg7 Kd7 44. Rxe5 Qd6 45. Qxe7+ Qxe7 46. Rhxe7+ Kd6 47. Re1 Ra1 48. Rxa1 Kxe7 49. Rb1 Ne2+ 50. Kf1 Nc3 51. Rxb7+ Kd6 52. Rb6 Ne4 53. Bxe4 1-0


[Site "https://www.chess.com"]

[Event "Titled Tuesday Blitz April 26 Late 2022"]
[White "Bortnyk, Olexandr"]
[Black "Melkumyan, Hrant"]
[WhiteFideId "14120828"]
[BlackFideId "13302485"]
[WhiteElo "2723"]
[BlackElo "2604"]
[Result "1-0"]
[Round "09"]
[TimeControl "180+1"]
[Date "2022.04.26"]
[WhiteClock "0:01:13"]
[BlackClock "0:00:22"]

1. d4 d5 2. Nc3 Nf6 3. Bf4 Bf5 4. e3 c6 5. Nf3 Nbd7 6. Ne5 e6 7. g4 Be4 8. f3 Bg6 9. h4 Qb6 10. Rb1 h5 11. Nxg6 fxg6 12. g5 Ng8 13. Bh3 c5 14. dxc5 Bxc5 15. Na4 Qc6 16. Nxc5 Nxc5 17. Qd4 Ne7 18. Qxg7 Rg8 19. Qe5 Nd7 20. Qxe6 Qxe6 21. Bxe6 Rf8 22. Rd1 Nb6 23. Ke2 a5 24. Bd6 a4 25. Bxe7 Kxe7 26. Bxd5 Rfc8 27. Be4 Rc7 28. Bxg6 Nc4 29. b3 Ne5 30. Be4 axb3 31. axb3 Ra1 32. Rxa1 1-0


[Site "https://www.chess.com"]